 Dungeon Crawl Stone Soup version 0.31-a0-559-g03b8d61ab2 (webtiles) character file.

Game seed: 13166711470899225576

72 Ethylacetat the Ducker (level 4, -1/30 HPs)
             Began as an Octopode Gladiator on Aug 17, 2023.
             Slain by an orc
             ... wielding a +0 whip
              (6 damage)
             ... on level 2 of the Dungeon.
             The game lasted 00:01:13 (926 turns).

Ethylacetat the Ducker (Octopode Gladiator)          Turns: 926, Time: 00:01:14

Health: -1/30      AC:  1    Str: 13    XL:     4   Next: 26%
Magic:  0/5        EV: 19    Int: 10    God:
Gold:   89         SH:  0    Dex: 15    Spells: 5/5 levels left

rFire   . .          .
                       - Unarmed
rCold   . . .        (no shield)
rNeg    . . .        a - +0 hat
rPois   .            d - amulet of guardian spirit
rElec   .            g - +5 ring of evasion
rCorr   .            (no ring)
SInv    .            (no ring)
Will    .....        (no ring)
Stlth   ++           (no ring)
HPRegen 0.25/turn    (no ring)
MPRegen 0.09/turn    (no ring)
                     (no ring)

%: guardian spirit
@: no status effects
A: almost no armour, amphibious, 8 rings, camouflage 1, gelatinous body 1,
(nimble swimmer 1), tentacles
a: no special abilities


You were on level 2 of the Dungeon.
You visited 1 branch of the dungeon, and saw 2 of its levels.

You collected 89 gold pieces.

Inventory:

Missiles
 b - 5 throwing nets (quivered)
 c - a javelin
 i - 3 curare-tipped darts
Armour
 a - a +0 hat (worn)
Jewellery
 d - an amulet of guardian spirit (around mantle)
 g - a +5 ring of evasion (left tentacle)
Scrolls
 e - 5 scrolls of identify {unknown}
 f - 2 scrolls of poison {unknown}
Potions
 h - 2 potions of brilliance {unknown}


   Skills:
 + Level 2.7 Fighting
 - Level 2.1 Throwing
 + Level 3.6 Dodging
 + Level 3.5 Unarmed Combat
 + Level 1.3 Spellcasting


You had 5 spell levels left.
You didn't know any spells.
Your spell library was empty.

Dungeon Overview and Level Annotations

Branches:
Dungeon (2/15)

Altars:


Innate Abilities, Weirdness & Mutations

You cannot wear most types of armour.
You are amphibious.
You can wear up to eight rings at the same time.
Your skin changes colour to match your surroundings (Stealth+).
Your rubbery body absorbs attacks. (AC +1, EV +1)
((You are camouflaged when in or above water. (Stealth+)))
You have tentacles for arms and can constrict up to eight enemies at once.


Message History

You see here a +0 dagger.
The orc shouts!
You tentacle-slap the orc. You grab the orc.
The orc is severely wounded.
You constrict the orc, but do no damage.
The orc closely misses you.
You tentacle-slap the orc.
You kill the orc!
You barely miss the orc. Your grab misses the orc. Your squeeze misses the orc.
The orc completely misses you.
You barely miss the orc. Your grab misses the orc. Your squeeze misses the orc.
The orc misses you.
You tentacle-slap the orc.
You kill the orc!
You miss something.
Your tentacle-slap misses something.
Something closely misses you.
You tentacle-slap something but do no damage.
Your squeeze misses something. Something hits you.
You tentacle-slap something but do no damage.
Your squeeze misses something. You tentacle-slap something.
Your squeeze misses something. Something barely misses you.
You tentacle-slap something. Your squeeze misses something. Something hits you.
You miss something. Something hits you.
You closely miss something. Your squeeze misses something. Something hits you.
You barely miss something. Something hits you.
You miss something. Something hits you.
You closely miss something. You tentacle-slap something.
Something closely misses you.
You tentacle-slap something. Something hits you.
The orc throws a boomerang.
The boomerang hits you.
* * * LOW HITPOINT WARNING * * *
You closely miss something. Your squeeze misses something. Something hits you.
* * * LOW HITPOINT WARNING * * *
The orc throws a boomerang.
Reactivating autopickup.
You feel a bit more experienced.
You have reached level 4!
Found a stone staircase leading down.
The orc hits you with a +0 whip!
You die...

#########
#######.......##########
......'.......')@o.....>
#####.#.......#########.
#.#######........#
#####.#######.######.#
..............#
#####.#.....###
......#.....+
#######.....# ###.....#


You could see an orc.

Vanquished Creatures
  3 orcs (D:2)
  3 bats (D:1)
  3 endoplasms (D:1)
  2 giant cockroaches (D:1)
  5 goblins
  7 hobgoblins
  5 jackals (D:1)
  2 quokkas (D:1)
  4 ball pythons (D:1)
  3 frilled lizards
  4 rats
41 creatures vanquished.

Vanquished Creatures (others)
  An orc wizard (D:2)
1 creature vanquished.

Grand Total: 42 creatures vanquished

Notes
Turn   | Place    | Note
-------+----------+-------------------------------------------
     0 | D:1      | Ethylacetat the Octopode Gladiator began the quest for the
                  | Orb.
     0 | D:1      | Reached XP level 1. HP: 14/14 MP: 1/1
    85 | D:1      | Reached XP level 2. HP: 14/19 MP: 2/2
   405 | D:1      | Reached XP level 3. HP: 25/25 MP: 4/4
   467 | D:1      | Reached skill level 1 in Spellcasting
   926 | D:2      | Reached XP level 4. HP: 5/30 MP: 1/5
   926 | D:2      | Slain by an orc

Illustrated notes

Levels and vault maps discovered:
D:1:      nicolae_arrival_somewhat_less_tricky_arrival, layout_rooms,
          minmay_tripent
D:2:      layout_basic

Skill      XL: |  1  2  3 |
---------------+----------+-----
Spellcasting   | 1 |  1.3
Fighting       | |  2.7
Throwing       | |  2.1
Dodging        | |  3.6
Unarmed Combat | |  3.5

Action                     |  1- 3 |  4- 6 || total
---------------------------+-------+-------++-------
  Melee: Unarmed           |    92 |       ||    92
         Constrict         |    22 |       ||    22
         Tentacles         |    15 |       ||    15
         Punch             |     2 |       ||     2
   Stab: Sleeping          |     2 |       ||     2
 Armour: Skin              |     8 |       ||     8
  Dodge: Dodged            |    88 |       ||    88

Table legend: (Time is in decaauts)
 A = Elapsed time spent in this place.
 B = Non-inter-level travel time spent in this place.
 C = Inter-level travel time spent in this place.
 D = Time resting spent in this place.
 E = Time spent auto-exploring this place.
 F = Levels seen in this place.
 G = Mean time per level.
                   A        B        C        D        E       F      G
               +--------+--------+--------+--------+--------+-----+--------+
         Total |    919 |    881 |     38 |      0 |    669 |   2 |  459.5 |
       Dungeon |    919 |    881 |     38 |      0 |    669 |   2 |  459.5 |
               +--------+--------+--------+--------+--------+-----+--------+

Top non-repeatable levels by time:
     D:1: 690 daAuts
     D:2: 229 daAuts
